 Dungeon Crawl Stone Soup version 0.31.0-32-g396128a36d (webtiles) character file.

Game seed: 10541403102845010003

82 adizb the Digger (level 4, -1/25 HPs)
             Began as a Gargoyle Earth Elementalist on Apr 14, 2024.
             Slain by Grinder (2 damage)
             ... on level 3 of the Dungeon.
             The game lasted 00:11:26 (1951 turns).

adizb the Digger (Gargoyle Earth Elementalist)      Turns: 1951, Time: 00:11:29

Health: -1/25      AC:  6    Str: 12    XL:     4   Next: 43%
Magic:  2/7        EV: 12    Int: 17    God:
Gold:   90         SH:  0    Dex: 10    Spells: 0/7 levels left

rFire   . . .        q - +0 quarterstaff
rCold   . . .        (shield currently unavailable)
rNeg    + . .        a - +0 robe
rPois   ∞            (no helmet)
rElec   +            (no cloak)
rCorr   .            r - +0 pair of gloves
SInv    .            (no boots)
Will    .....        (no amulet)
Stlth   ++           (no ring)
HPRegen 0.24/turn    (no ring)
MPRegen 0.10/turn

%: no passive effects
@: no status effects
A: sickness immunity, AC +3, negative energy resistance 1, electricity
resistance, torment resistance 1, petrification resistance
a: no special abilities


You were on level 3 of the Dungeon.
You visited 1 branch of the dungeon, and saw 3 of its levels.

You collected 90 gold pieces.

Inventory:

Hand Weapons
 h - a +0 arbalest
 q - a +0 quarterstaff (weapon)
Armour
 a - a +0 robe (worn)
 f - a +0 ring mail
 n - a +0 ring mail
 r - a +0 pair of gloves (worn)
Scrolls
 e - 2 scrolls of poison {unknown}
 g - 2 scrolls of fear {unknown}
 i - a scroll of enchant weapon
 k - a scroll of vulnerability {unknown}
 l - 2 scrolls of immolation {unknown}
 m - a scroll of teleportation
 o - 2 scrolls of fog
Potions
 b - 2 potions of magic
 c - a potion of curing
 j - a potion of lignification
 p - a potion of invisibility {unknown}


   Skills:
 + Level 1.1 Fighting
 + Level 0.1 Staves
 + Level 1.5 Armour
 + Level 2.1 Dodging
 - Level 2.1 Stealth
 + Level 2.4 Spellcasting
 + Level 2.0 Conjurations
 + Level 4.1 Earth Magic


You couldn't memorise any spells.
You knew the following spells:

 Your Spells              Type           Power      Damage    Failure   Level
a - Sandblast             Erth           32%        2d9       3%          1
b - Passwall              Erth           16%        N/A       10%         3
c - Stone Arrow           Conj/Erth      24%        3d8       16%         3

Your spell library contained the following spells:

 Spells                   Type           Power      Damage    Failure   Level
 Dazzling Flash           Conj/Hex       10%        N/A       36%         3
 Mephitic Cloud           Conj/Alch/Air  4%         N/A       38%         3
 Brom's Barrelling Bould  Conj/Erth      12%        2d4       45%         4
 Petrify                  Alch/Erth      9%         N/A       61%         4
 Curse of Agony           Necr           2%         N/A       99%         5
 Silence                  Hex/Air        1%         N/A       99%         5


Dungeon Overview and Level Annotations

Branches:
Dungeon (3/15)

Altars:

Annotations:
D:3 Grinder


Innate Abilities, Weirdness & Mutations

You are immune to sickness and miasma.
Your stone body is resilient. (AC +3)
You are immune to poison.
You resist negative energy. (rN+)
You are resistant to electric shocks. (rElec)
You are resistant to unholy torment.
You are immune to petrification.


Message History

Grinder shouts!
The rat closely misses you.
You sock the rat!
You kill the rat!
A ball python comes into view.
You see here a rat corpse.
Grinder gestures at you. Pain shoots through your body!
You sock Grinder!
Grinder is lightly wounded.
Grinder barely misses you. Grinder hits you.
Aiming: Sandblast (safe; 3% risk of failure)
Press: ? - help, Q - select action Shift-Dir - straight line, f - Grinder
Aim: Grinder (lightly wounded, 80% to hit)
The blast of sand hits Grinder.
Grinder is moderately wounded.
Grinder hits you.
You writhe in agony.
Aiming: Sandblast (safe; 3% risk of failure)
Press: ? - help, Q - select action Shift-Dir - straight line, f/p - Grinder
Aim: Grinder (moderately wounded, 80% to hit)
The blast of sand hits Grinder!
Grinder is heavily wounded.
Grinder hits you.
* * * LOW HITPOINT WARNING * * *
Grinder gestures at you.
You are unaffected.
Okay, then.
Okay, then.
Your movement speed is average.
Your attack delay is about 1.2.
Your damage rating with your +0 quarterstaff is about 10 (Base 10 x 105% (Str) x 101% (Skill)).
Casting: Sandblast (safe; 3% risk of failure)
Confirm with . or Enter, or press ? or * to list all spells.
Aiming: Stone Arrow (quite dangerous; 16% risk of failure)
Press: ? - help, Shift-Dir - straight line, f/p - Grinder
Aim: Grinder (heavily wounded, 64% to hit)
The stone arrow misses Grinder.
Grinder hits you!
* * * LOW HITPOINT WARNING * * *
You writhe in agony.
You die...
Grinder says, "Hey, I wasn't done torturing you yet!"

######## #.......
#.###### #.# #.#
...##############.######
......5@................
....####.###.####.......
. ..####†#...)......##.#
#..........####.#.##.#
###.##.#.#.####.#.....
#.#...#.#....#....... #.
##.##.####.######.# #.
##.#.## #.# ##.. .
##...# #.# ##...


You could see Grinder.

Vanquished Creatures
  2 adders (D:2)
  A dart slug (D:1)
  A ribbon worm (D:2)
  4 orcs (D:3)
  5 ball pythons
  2 bats
  5 endoplasms
  4 giant cockroaches
  6 goblins
  5 hobgoblins
  2 quokkas
  2 frilled lizards
  6 kobolds
  7 rats
52 creatures vanquished.

Notes
Turn   | Place    | Note
-------+----------+-------------------------------------------
     0 | D:1      | adizb the Gargoyle Earth Elementalist began the quest for
                  | the Orb.
     0 | D:1      | Reached XP level 1. HP: 10/10 MP: 3/3
    87 | D:1      | Reached XP level 2. HP: 15/15 MP: 1/5
   357 | D:1      | Reached XP level 3. HP: 11/20 MP: 2/6
   372 | D:1      | Learned a level 3 spell: Passwall
   791 | D:2      | Reached skill level 4 in Earth Magic
   792 | D:2      | Reached skill level 1 in Armour
   813 | D:2      | Found a faded altar of an unknown god.
  1465 | D:2      | Reached skill level 1 in Fighting
  1465 | D:2      | Reached XP level 4. HP: 20/25 MP: 3/7
  1694 | D:3      | Learned a level 3 spell: Stone Arrow
  1942 | D:3      | Noticed Grinder
  1951 | D:3      | HP: 1/25 [Grinder (7)]
  1951 | D:3      | Slain by Grinder

Illustrated notes

Levels and vault maps discovered:
D:1:      dpeg_arrival_rhombi, layout_basic, serial_forest,
          infiniplex_forest_fountain, infiniplex_forest_straight_2,
          infiniplex_forest_split, infiniplex_forest_straight_3,
          infiniplex_forest_corner_2, infiniplex_forest_lined_2,
          infiniplex_forest_lined_3_way, st_stairs_1, minmay_tromino_v4_b
D:2:      layout_basic, serial_forest, infiniplex_forest_lined_corner,
          infiniplex_forest_lined_room_3, infiniplex_forest_end_1,
          infiniplex_forest_join, infiniplex_forest_clump_small,
          infiniplex_forest_end_1, infiniplex_forest_clump_tiny,
          infiniplex_forest_lined_4_way, basic_ecumenical_altar
D:3:      layout_loops_ring, grunt_ministairs_15, uniq_grinder

Skill      XL: |  1  2  3  4 |
---------------+-------------+-----
Earth Magic    | 4 |  4.1
Armour         | 1 |  1.5
Dodging        | 2 |  2.1
Fighting       | 1 |  1.1
Conjurations   | 2 |  2.0
Staves         | |  0.1
Stealth        | |  2.1
Spellcasting   | |  2.4

Action                     |  1- 3 |  4- 6 || total
---------------------------+-------+-------++-------
  Melee: Unarmed           |    32 |       ||    32
         Punch             |     1 |       ||     1
         Quarterstaff      |       |    14 ||    14
   Fire: Arbalest          |    89 |    29 ||   118
   Cast: Sandblast         |    21 |     4 ||    25
         Stone Arrow       |       |     1 ||     1
    Use: Scroll            |       |     5 ||     5
   Stab: Sleeping          |     1 |       ||     1
 Armour: Robe              |    44 |    31 ||    75
  Dodge: Dodged            |    31 |    30 ||    61
